[Event "GCT Superbet Blitz Poland 2025"]
[Site "Warsaw"]
[Date "2025.04.30"]
[Round "10"]
[White "Praggnanandhaa R"]
[Black "Deac, Bogdan-Daniel"]
[Result "0-1"]
[ECO "A03"]
[WhiteElo "2758"]
[BlackElo "2668"]
[Annotator "ChessBase"]
[PlyCount "144"]
[EventDate "2025.??.??"]
[EventType "blitz"]
[TimeControl "300+2"]

1. b3 c5 2. Bb2 d5 3. e3 a6 4. f4 Nc6 5. Nf3 Nf6 6. Ne5 ({RR} 6. g3 g6 7. Bg2 Bg7 8. O-O d4 9. exd4 Nd5 10. Nc3 Bg4 11. Nxd5 Qxd5 12. Ne5 Qxg2+ 13. Kxg2 Bxd1 14. Raxd1 Nxd4 15. c3 Nf5 16. g4 Nd6 17. Rfe1 O-O-O 18. Ba3 f6 19. Nf3 f5 20. gxf5 Nxf5 {Bacrot,E (2720)-Gundavaa,B (2501) Dubai 2014 1-0 (41)}) 6... g6 ({RR} 6... Qc7 7. g3 e6 8. Bg2 Be7 9. O-O O-O 10. d3 b5 11. Nd2 Bb7 12. Ndf3 Nd7 13. Nxd7 Qxd7 14. Ne5 Nxe5 15. Bxe5 Rac8 16. h4 Rfe8 17. h5 Bf8 18. Qg4 Bc6 19. Qe2 d4 20. Bxc6 Rxc6 21. exd4 {Khater,S (2012)-Wu,C (2347) Chess.com INT 2022 ½-½ (34)}) 7. Nxc6 bxc6 8. Be5 $146 ({RR} 8. Nc3 d4 9. Na4 e6 10. Bd3 Be7 11. e4 e5 12. Qf3 exf4 13. Qxf4 Nh5 14. Qf2 O-O 15. O-O Be6 16. Qe2 Qc7 17. e5 Bd5 18. c3 Qa7 19. c4 Be6 20. Be4 Rac8 21. g3 Ng7 22. Ba3 Bh3 {Ryznar,V-Maroja,S Zadar 1994 ½-½ (72)}) ({RR} 8. Nc3 Bg7 9. Na4 c4 10. Bd4 O-O 11. bxc4 Ne4 12. Bxg7 Kxg7 13. Be2 Qa5 14. c3 Rb8 15. c5 f6 16. O-O Nxd2 17. Qxd2 Qxa4 18. Rfb1 Bf5 19. Rb4 Qa3 20. Qc1 Qa5 21. Qb2 Ra8 22. Rb7 Qxc5 {Dimitrov,R (2500)-Galunova,T (2152) Albena 2016 ½-½ (65)}) 8... Bh6 9. Nc3 O-O 10. Na4 d4 11. Qf3 Ng4 12. exd4 Nxe5 13. dxe5 Qd4 14. c3 Qxf4 15. Qxf4 Bxf4 16. Nb6 Ra7 17. Nc4 Be6 18. g3 Bh6 19. O-O-O Rd8 20. Kc2 Rad7 21. d3 Bxc4 22. bxc4 Rb7 23. Bg2 Rdb8 24. Rb1 Rxb1 25. Rxb1 Rxb1 26. Kxb1 Bg7 27. d4 cxd4 28. cxd4 c5 29. dxc5 Bxe5 30. Kc2 Kf8 31. Bb7 a5 32. Kd3 e6 33. Bf3 Ke7 34. a4 Bb8 35. Bc6 Ba7 36. Kd4 f5 37. Bb7 g5 38. Bg2 Kf6 39. Bf1 g4 40. Bg2 Ke7 41. Bh1 h5 42. Bg2 Bb8 43. c6 Bd6 44. Bf1 Bc7 45. Bg2 e5+ 46. Kd5 f4 47. Be4 f3 48. Bg6 Kf6 49. Bd3 Ke7 50. c5 Kf6 51. Ke4 Kg5 52. Kd5 h4 53. Ke6 hxg3 54. hxg3 e4 55. Bxe4 Bxg3 56. Kd7 Be5 57. c7 Bxc7 58. Kxc7 Kf4 59. Bd5 g3 60. c6 g2 61. Kd6 g1=Q 62. c7 Qb6+ 63. Kd7 Qd4 64. Kd6 Qe5+ 65. Kc6 Qc3+ 66. Kd7 f2 67. Bg2 Qd4+ 68. Ke7 Qg7+ 69. Kd6 Qxg2 70. c8=Q f1=Q 71. Qc3 Qd1+ 72. Kc7 Qgc2 0-1

[Event "GCT Superbet Blitz Poland 2025"]
[Site "Warsaw"]
[Date "2025.04.30"]
[Round "10"]
[White "Aravindh, Chithambaram VR."]
[Black "Gavrilescu, David"]
[Result "1/2-1/2"]
[ECO "B91"]
[WhiteElo "2749"]
[BlackElo "2554"]
[Annotator "ChessBase"]
[PlyCount "89"]
[EventDate "2025.??.??"]
[EventType "blitz"]
[TimeControl "300+2"]

1. e4 {[%emt 0:00:02] Szabo,Krisztian} c5 2. Nf3 d6 3. d4 cxd4 4. Nxd4 Nf6 5. Nc3 a6 6. g3 e5 7. Nde2 Be7 8. Bg2 b5 ({RR} 8... O-O) 9. Nd5 Nbd7 10. Nec3 Bb7 11. a4 bxa4 ({RR} 11... Nxd5 12. Nxd5 Nf6 13. axb5 ({RR} 13. Nxe7 Qxe7 14. axb5 axb5 15. Rxa8+ Bxa8 16. Qd3) 13... Nxd5 14. exd5 axb5 15. Rxa8 Qxa8 16. Qd3 O-O 17. O-O ({RR} 17. Qxb5 Qa1 18. O-O Ba6) 17... Bc8 ({RR} 17... Qa6) 18. Be3 Bd7 19. Rc1 ({RR} 19. f4 Bf6) 19... h6 20. Qd1 Qb7 21. Ra1 Ra8 22. h4 Ra6 23. b3 Bd8 24. c4 bxc4 25. bxc4 Bb6 26. c5 {Carlsen,M (2876)-Grischuk,A (2781) Stavanger 2015 CBM 167 [Szabo,Krisztian] 1-0 (45)}) ({RR} 11... O-O 12. axb5 axb5 13. Rxa8 Bxa8 14. Nxb5 ({RR} 14. O-O) 14... Bxd5 ({RR} 14... Nxd5 15. exd5 Qa5+ 16. Nc3) 15. exd5 Qa5+ 16. Nc3 Rb8 17. O-O Bd8 18. Kh1 Qb4 19. Qe2 Bb6 20. Nb1) 12. Rxa4 O-O 13. O-O Nb6 $146 ({RR} 13... Nxd5 14. Nxd5 Bxd5 15. exd5 f5 16. Qe2 Nc5 17. Rc4 e4 18. f3 exf3 19. Bxf3 Bg5 20. Bf4 Bxf4 21. gxf4 Re8 22. Qg2 a5 23. Kh1 Qf6 24. c3 a4 25. Qg1 Rab8 26. Rb4 Rxb4 27. cxb4 Nd3 28. Qb6 {Mestre Bellido,H (2317)-Colon Garcia,E (2337) Catalunya 2013 0-1 (51)}) ({RR} 13... Nxd5 14. Nxd5 Bxd5 15. exd5 f5 16. Qe2 Nc5 17. Rc4) ({RR} 13... Nxd5 14. Nxd5 Bxd5 15. exd5 Bg5 16. f4 exf4 17. gxf4 Bf6 18. c3 Nc5 19. Ra1 Re8 20. Qc2 Qb6 21. Kh1 a5 22. Bd2 a4 23. Rae1 Reb8 24. Be3 Qxb2 25. Qxb2 Rxb2 26. Bxc5 dxc5 27. d6 Rd8 28. d7 {Shafer,L (2140)-Herman,M (2383) chess.com INT 2024 1-0 (46)}) ({RR} 13... Nxd5 14. Nxd5 Bxd5 15. exd5 Bg5 16. Bxg5 Qxg5 17. Qe2 Nc5 18. Rg4 Qd8 19. b4 Nd7 20. Ra1 a5 21. bxa5 Rxa5 22. Rxa5 Qxa5 23. Rxg7+ Kxg7 24. Qg4+ Kf6 25. Qh4+ Kg7 26. Qg4+ Kf6 27. Qh4+ Kg7 28. Qg4+ {Zhang,Z (2637)-Papaioannou,I (2631) Baku 2016 ½-½}) 14. Nxe7+ Qxe7 15. Rb4 Qc7 16. Bg5 Nbd7 17. Qd2 h6 18. Be3 Rfd8 19. Rd1 Nc5 20. Rc4 Qe7 21. b4 Ne6 22. Nd5 Nxd5 23. exd5 Nf8 24. Bb6 Rdc8 25. Rxc8 Rxc8 26. Qd3 Qe8 27. c4 Nd7 28. Be3 e4 29. Qe2 a5 30. c5 dxc5 31. bxa5 Ra8 32. Qd2 Ne5 33. Bxc5 Nf3+ 34. Bxf3 exf3 35. Bb6 Qd7 36. Qd3 Qg4 37. d6 Qh3 38. Qf1 Qd7 39. Qd3 Qh3 40. Qf1 Qd7 41. Qe1 Ba6 42. Qe3 Bb7 43. Qd3 Qh3 44. Qf1 Qd7 45. Qd3 1/2-1/2

[Event "GCT Superbet Blitz Poland 2025"]
[Site "Warsaw"]
[Date "2025.04.30"]
[Round "10"]
[White "Duda, Jan-Krzysztof"]
[Black "Firouzja, Alireza"]
[Result "0-1"]
[ECO "B10"]
[WhiteElo "2739"]
[BlackElo "2757"]
[Annotator "ChessBase"]
[PlyCount "84"]
[EventDate "2025.??.??"]
[EventType "blitz"]
[TimeControl "300+2"]

1. e4 c6 2. Nf3 d5 3. d3 g6 4. Nbd2 Bg7 5. g3 e5 6. Bg2 Ne7 7. O-O O-O 8. Re1 Qc7 9. b3 ({RR} 9. a4 h6 10. b4 Be6 11. Bb2 Nd7 12. d4 dxe4 13. Nxe4 f5 14. Nc5 Nxc5 15. dxc5 Rad8 16. Qc1 e4 17. Bxg7 Kxg7 18. Qb2+ Kh7 19. Nd4 Qe5 20. c3 Bd5 21. b5 Rf7 22. Rad1 Ng8 23. bxc6 Rc8 {Smirin,I (2641)-Stellwagen,D (2619) France 2009 1-0 (50)}) 9... Re8 $146 ({RR} 9... d4 10. a4 a5 11. Ba3 b5 12. Nf1 bxa4 13. bxa4 Na6 14. c3 dxc3 15. Qc2 Nb4 16. Qxc3 Ba6 17. Bxb4 axb4 18. Qxb4 Bxd3 19. Qc3 Rfd8 20. N1d2 Qa5 21. Qxa5 Rxa5 22. Nb3 Raa8 23. Nc5 Bc4 24. Bf1 {Metaxas,P (2225)-Angelis,M (2275) Katerini 1993 1-0 (93)}) ({RR} 9... h6 10. Bb2 d4 11. c3 c5 12. cxd4 cxd4 13. Rc1 Nbc6 14. b4 a6 15. Nc4 Be6 16. a3 Rfc8 17. Nfd2 b5 18. Na5 Qb6 19. Ndb3 Nxa5 20. Nxa5 h5 21. f4 Rxc1 22. Bxc1 Rc8 23. f5 gxf5 24. Qxh5 {Milosevic,M (2390)-Pogorelskikh,S (2176) Paracin SRB 2024 ½-½ (31)}) ({RR} 9... Rd8 10. Qe2 d4 11. Rf1 a5 12. a4 Na6 13. Ne1 Nb4 14. f4 exf4 15. gxf4 f5 16. Rb1 Na2 17. Bb2 Nc3 18. Bxc3 dxc3 19. Nc4 b5 20. axb5 cxb5 21. Ne5 Bb7 22. N1f3 Bh6 23. Qe3 Rf8 24. Qd4 {Bobzin,P (2205)-Maus,S (2415) Hamburg 1993 0-1 (43)}) ({RR} 9... a5 10. Bb2 d4 11. a4 f6 12. Kh1 Bg4 13. Qe2 Na6 14. Nc4 Nb4 15. h3 Be6 16. Qd2 Kh8 17. Ba3 c5 18. Rf1 Ra6 19. Nh4 Qd7 20. Kh2 g5 21. Nf3 Ng6 22. Ng1 Rd8 23. Bf3 g4 24. Bxg4 {Salmensuu,O (2280)-Zhuravlev,V (2445) Tallinn 1996 0-1 (38)}) 10. Bb2 d4 11. c3 c5 12. cxd4 cxd4 13. Rc1 Nbc6 14. a4 a5 15. Ba3 Bh6 16. Rc5 f6 17. h4 Be6 18. Qb1 Qd7 19. Nc4 Nc8 20. Rb5 Ra6 21. h5 N6a7 22. hxg6 hxg6 23. Rd5 Bxd5 24. exd5 b5 25. Ncxe5 fxe5 26. Nxe5 Bd2 27. Re4 Qxd5 28. Nf3 Rxe4 29. dxe4 Qh5 30. Nxd2 Qe2 31. Nf3 d3 32. Qc1 Rc6 33. Qh6 b4 34. Ng5 Qh5 35. Qxh5 gxh5 36. Bb2 d2 37. Bf3 Rc1+ 38. Kg2 d1=Q 39. Bxd1 Rxd1 40. Bf6 Nc6 41. f4 Rd3 42. f5 Rxb3 0-1

[Event "GCT Superbet Blitz Poland 2025"]
[Site "Warsaw"]
[Date "2025.04.30"]
[Round "10"]
[White "Fedoseev, Vladimir"]
[Black "Vachier-Lagrave, Maxime"]
[Result "1-0"]
[ECO "D00"]
[WhiteElo "2739"]
[BlackElo "2722"]
[Annotator "ChessBase"]
[PlyCount "101"]
[EventDate "2025.??.??"]
[EventType "blitz"]
[TimeControl "300+2"]

1. d4 Nf6 2. Bg5 d5 3. Nd2 c5 4. e3 Qb6 5. Ngf3 Nc6 6. dxc5 Qxb2 7. Rb1 Qc3 8. Bb5 e6 9. O-O Be7 $146 ({RR} 9... Bxc5 10. Rb3 Qa5 11. Ne5 Qc7 12. Bf4 Bd6 13. Qa1 O-O 14. Bxc6 bxc6 15. c4 Nd7 16. Nd3 Ba6 17. Rc1 Bxf4 18. exf4 Rab8 19. Ra3 dxc4 20. Nxc4 Bb5 21. h4 Rfd8 22. Nce5 Nxe5 23. Nxe5 f6 24. Ng4 {Piorun,K (2611)-Alexakis,D (2486) Katowice POL 2022 1-0 (40)}) ({RR} 9... Bd7 10. Rb3 Qxc5 11. c4 Be7 12. cxd5 exd5 13. Qb1 O-O 14. Rc1 Qd6 15. Bf4 Qe6 16. Ng5 Qg4 17. Bd3 Na5 18. Bxh7+ Kh8 19. Ndf3 Nxb3 20. Ne5 Qh5 21. Nexf7+ Rxf7 22. Bg6 Qxg5 23. Bxg5 Nxc1 24. Bxf7 {Romanov,E (2619)-Morozevich,A (2683) Sochi 2016 0-1}) ({RR} 9... Qxc5 10. Bxf6 gxf6 11. c4 Bg7 12. Nb3 Qd6 13. cxd5 exd5 14. Nbd4 O-O 15. Bxc6 bxc6 16. Nh4 f5 17. Nhxf5 Bxf5 18. Nxf5 Qf6 19. Qg4 Rab8 20. g3 Kh8 21. Rfc1 Rxb1 22. Rxb1 Qg6 23. Qf4 Qe6 24. Rb8 {Artemiev,V (2709)-Gelfand,B (2673) St Petersburg 2018 1-0 (32)}) 10. e4 Qxc5 11. Be3 Qa3 12. Rb3 Qa5 13. Ne5 O-O 14. Bxc6 Qc7 15. exd5 bxc6 16. Nxc6 Bd6 17. Nd4 Ba6 18. dxe6 Bxh2+ 19. Kh1 Bxf1 20. Nxf1 Be5 21. Qf3 Bxd4 22. exf7+ Qxf7 23. Bxd4 Rad8 24. c3 Nd5 25. Qxf7+ Rxf7 26. Ng3 h6 27. f3 Kh7 28. Ne4 Nf4 29. Ra3 Ne2 30. Bf2 Rd5 31. Ng3 Nf4 32. c4 Rd1+ 33. Kh2 Rd2 34. Ne4 Rc2 35. c5 Rb7 36. Kg3 Nh5+ 37. Kg4 Kg6 38. Ra6+ Nf6+ 39. Nxf6 gxf6 40. Kg3 Rbb2 41. Bd4 Rxg2+ 42. Kf4 Rxa2 43. Rxf6+ Kh7 44. Rf7+ Kg8 45. Rd7 Rg6 46. Kf5 Rg5+ 47. Ke6 Ra6+ 48. Rd6 Ra4 49. c6 Rg6+ 50. Bf6 Kh7 51. Rd7+ 1-0

[Event "GCT Superbet Blitz Poland 2025"]
[Site "Warsaw"]
[Date "2025.04.30"]
[Round "10"]
[White "Topalov, Veselin"]
[Black "Aronian, Levon"]
[Result "0-1"]
[ECO "A13"]
[WhiteElo "2717"]
[BlackElo "2747"]
[Annotator "ChessBase"]
[PlyCount "104"]
[EventDate "2025.??.??"]
[EventType "blitz"]
[TimeControl "300+2"]

1. c4 e6 2. Nf3 d5 3. e3 Nf6 4. b3 Bd6 5. Be2 b6 6. O-O Bb7 7. cxd5 exd5 8. Ba3 O-O 9. Bxd6 Qxd6 10. Nc3 a6 11. d4 Nbd7 12. Rc1 Rfe8 13. Rc2 $146 ({RR} 13. Qc2 Rac8 14. Rfd1 Nf8 15. Qb2 c5 16. Qa3 Ne6 17. Bd3 Red8 18. Bf5 g6 19. Bxe6 fxe6 20. Na4 cxd4 21. Qxd6 Rxd6 22. exd4 Nd7 23. Rxc8+ Bxc8 24. Rc1 Bb7 25. Ne5 Nxe5 26. dxe5 Rc6 27. Rxc6 Bxc6 {Andreikin,D (2725)-Sargsyan,S (2486) Chess.com INT 2019 1-0 (39)}) 13... Nf8 14. Qc1 Ne6 15. Rd1 Re7 16. Bf1 g6 17. g3 Kg7 18. Bg2 h6 19. Qb2 Rae8 20. b4 Bc8 21. b5 Ng5 22. Ne5 Bf5 23. Rcc1 a5 24. a3 Nh3+ 25. Kh1 h5 26. f3 Ng5 27. Ne2 Nd7 28. h4 Nh7 29. f4 Ndf6 30. Rc6 Qd8 31. Rcc1 Ne4 32. Kg1 Re6 33. Qa2 Nhf6 34. a4 Ng4 35. Qb3 f6 36. Bxe4 Bxe4 37. Nxg4 hxg4 38. Rc3 g5 39. fxg5 fxg5 40. hxg5 Qxg5 41. Rxc7+ R8e7 42. Rxe7+ Rxe7 43. Qa3 Rf7 44. Rf1 Rf3 45. Rf2 Kf7 46. Nf4 Qh6 47. Rg2 Qf8 48. Qxf8+ Kxf8 49. Ng6+ Kg7 50. Ne5 Rxe3 51. Ra2 Rxg3+ 52. Kh2 Rh3+ 0-1

[Event "GCT Superbet Blitz Poland 2025"]
[Site "Warsaw"]
[Date "2025.04.30"]
[Round "11"]
[White "Firouzja, Alireza"]
[Black "Topalov, Veselin"]
[Result "1-0"]
[ECO "B30"]
[WhiteElo "2757"]
[BlackElo "2717"]
[Annotator "ChessBase"]
[PlyCount "103"]
[EventDate "2025.??.??"]
[EventType "blitz"]
[TimeControl "300+2"]

1. e4 {[%emt 0:00:01] Nielsen,Peter Heine} c5 2. Nf3 Nc6 3. Bb5 e6 4. O-O ({RR} 4. Bxc6 bxc6 5. b3 d6 6. O-O Ne7) 4... Nge7 5. Re1 a6 6. Bf1 d5 7. exd5 ({RR} 7. d3 d4 8. e5 Nd5 9. c4 dxc3 10. bxc3 Rb8 11. Bb2 b5) 7... Nxd5 8. d4 Nf6 9. Be3 cxd4 ({RR} 9... Be7 10. c4 O-O 11. Nc3 cxd4 12. Nxd4) 10. Nxd4 Bd7 11. c4 Qb8 $146 ({RR} 11... Be7 12. Nc3 O-O 13. Qb3 Nxd4 14. Bxd4 Bc6 15. Rad1 Qa5 16. Bb6 Qb4 17. g3 Qxb3 18. axb3 Bd8 19. Bc5 Re8 20. Bg2 Bxg2 21. Kxg2 Bc7 22. b4 Rad8 23. b5 Ba5 24. b4 Bc7 25. bxa6 bxa6 26. f4 {Kovalev,V (2579)-Toncheva,N (2257) chess.com INT 2024 0-1 (46)}) ({RR} 11... Nxd4 12. Bxd4 Bc6 13. Nc3 Be7 14. a3 ({RR} 14. Qd3 O-O 15. Rad1) 14... a5 ({RR} 14... O-O 15. b4) 15. Qd3 O-O ({RR} 15... a4 16. Rad1 O-O 17. Qg3) 16. Rad1 Qc7 17. Be5 Qb6 18. Qg3 Rfd8 ({RR} 18... Nh5 19. Qh3 Nf6 20. Bd3 h6 21. Bd4 Qc7 22. b4) 19. Rxd8+ ({RR} 19. Nd5 exd5 20. Bd4 Bc5 21. Bxf6 Bxf2+) 19... Qxd8 20. Rd1 Qb6 ({RR} 20... Qf8 21. b4 axb4 22. axb4 Nh5 23. Qg4 Bxb4 24. Qxh5 f6 25. Bd3 g6 26. Bxg6 ({RR} 26. Qg4 fxe5 27. Qxe6+ Qf7 28. Qxe5 Ra5) 26... hxg6 27. Qxg6+ Qg7) 21. Bd4 Qb3 22. Rd3 ({RR} 22. Rd2 a4 23. Qc7 Nd7 24. Be3 Bd8 25. Qg3) 22... Qc2 23. b4 axb4 24. axb4 Nh5 25. Qe5 ({RR} 25. Qe3 Bxb4 26. Qg5 g6 ({RR} 26... f6 27. Qxh5 e5 28. Qf5 Rf8) 27. Ne4 Bxe4 28. Qe5) 25... Bf6 ({RR} 25... Ra1 26. Nd1 Rxd1 27. Rxd1 Qxd1 28. Qb8+ Bf8 29. Bc5 h6 30. Qxf8+ Kh7 31. Qd6 ({RR} 31. Qxf7 Be4)) 26. Qxh5 {Carlsen,M (2872)-Gelfand,B (2740) London 2013 CBM 154 [Nielsen,Peter Heine] 1-0 (48)}) ({RR} 11... Be7 12. Nc3 O-O 13. Nf3) ({RR} 11... Bb4 12. Nc3 Bxc3 13. bxc3 O-O 14. Bf4 Nxd4 15. cxd4 Bc6) ({RR} 11... Qc7 12. Nc3 Be7 13. a3 O-O 14. b4 Rfd8 15. Qe2 Bd6 16. h3 Bh2+ 17. Kh1 Be5 18. Rad1 Be8 19. Nxc6 Qxc6 20. Rxd8 Rxd8 21. Bb6 Qxb6 22. c5 Qc7 23. Qxe5 Qxe5 24. Rxe5 Rd4 25. Kg1 Kf8 26. f3 {Alexakis,D (2507)-Giannopoulos,I (1971) Thessaloniki GRE 2025 1-0 (40)}) ({RR} 11... h5 12. h3 Nxd4 13. Bxd4 Bc6 14. Nc3 Qd6 15. c5 Qd7 16. Qd3 Be7 17. Rad1 Rd8 18. Qg3 Qxd4 19. Rxd4 Rxd4 20. Rd1 Rxd1 21. Nxd1 O-O 22. b4 Rd8 23. Nc3 Nd5 24. Nxd5 Rxd5 25. a4 Rd1 26. Qb3 {Firouzja,A (2763)-Dardha,D (2645) chess.com INT 2025 1-0 (44)}) ({RR} 11... Rc8 12. Nc3 Ne5 13. Bg5 h6 14. Bh4 g5 15. Bg3 Nxc4 16. Bxc4 Rxc4 17. Be5 Rc5 18. Bxf6 Qxf6 19. Ne4 Qf4 20. g3 Qc7 21. Nxc5 Bxc5 22. Nb3 Ba7 23. Rc1 Bc6 24. Nd4 Qb6 25. Nxc6 Qxf2+ 26. Kh1 {De Silva,L (2398)-Md Imran (2222) Bangalore IND 2024 1-0}) ({RR} 11... Nxd4 12. Bxd4 Bc6 13. Nc3 Bd6 14. g3 h5 15. Bg2 Bxg2 16. Kxg2 h4 17. Qf3 Qe7 18. Rad1 Rc8 19. Bxf6 gxf6 20. Nd5 exd5 21. Qxf6 O-O {1-0 (21) Pichot,A (2638)-Melikyan,G (2238) chess.com INT 2023}) 12. Nc3 Bd6 13. h3 O-O 14. Nf3 Rd8 15. c5 Bf4 16. Qc1 Bxe3 17. Qxe3 Nb4 18. Rac1 b6 19. Ne5 Be8 20. cxb6 Nbd5 21. Nxd5 Nxd5 22. Qg3 Qxb6 23. b3 Rac8 24. Nc4 Qb8 25. Qxb8 Rxb8 26. Na5 Nb4 27. a3 Nd3 28. Bxd3 Rxd3 29. Red1 Rxd1+ 30. Rxd1 Rb5 31. Rd8 Kf8 32. b4 Ke7 33. Ra8 Rb6 34. Ra7+ Kf6 35. Nb3 Rd6 36. Nc5 Rd1+ 37. Kh2 Bc6 38. Rxa6 Bd5 39. b5 Rd2 40. Kg3 g5 41. Nd7+ Kf5 42. Nb6 Bb3 43. Ra7 e5 44. Rc7 h5 45. Rc3 h4+ 46. Kh2 Be6 47. f3 e4 48. Nc4 Bxc4 49. fxe4+ Kxe4 50. Rxc4+ Ke5 51. Rb4 Kd6 52. b6 1-0

[Event "GCT Superbet Blitz Poland 2025"]
[Site "Warsaw"]
[Date "2025.04.30"]
[Round "11"]
[White "Aronian, Levon"]
[Black "Praggnanandhaa R"]
[Result "1-0"]
[ECO "A30"]
[WhiteElo "2747"]
[BlackElo "2758"]
[Annotator "ChessBase"]
[PlyCount "97"]
[EventDate "2025.??.??"]
[EventType "blitz"]
[TimeControl "300+2"]

1. c4 Nf6 2. Nf3 e6 3. b3 b6 4. e3 Bb7 5. Be2 Be7 6. O-O O-O 7. d4 c5 8. Bb2 cxd4 9. Nxd4 Nc6 10. Nd2 Rc8 11. Rc1 Nxd4 12. Bxd4 Ba3 13. Rc2 Qe7 14. Bf3 Bxf3 $146 ({RR} 14... d5 15. Qa1 Rfd8 16. Bb2 Bxb2 17. Qxb2 dxc4 18. Bxb7 Qxb7 19. Nxc4 b5 20. Na5 Qd7 21. Rxc8 Rxc8 22. h3 Qc7 23. b4 Nd5 24. a3 Qc3 25. Qa2 Qd3 26. Qa1 Rc3 27. Rc1 Rxc1+ 28. Qxc1 h6 29. Nc6 {Sharan,R (2433)-Bhillva Nilaya K E K (1843) chess.com INT 2023 1-0 (34)}) ({RR} 14... d5 15. Qa1 Rfd8 16. Bb2 Bxb2 17. Qxb2 dxc4 18. Bxb7 Qxb7 19. Nxc4 b5 20. Na5 Qd7 21. Rxc8 Rxc8 22. h3 Qc7 23. b4 Nd5 24. a3 Qc3 25. Qa2 Qd3 26. Qa1 Rc3 27. Rc1 Rxc1+ 28. Qxc1 h6 29. Nc6 {Sharan,R (2433)-Bhillva Nilaya K E K (1843) chess.com INT 2023 1-0 (34)}) 15. Nxf3 Rfd8 16. h3 h6 17. Qe2 d5 18. Rd1 dxc4 19. Rxc4 Rxc4 20. Qxc4 Qb7 21. b4 a5 22. bxa5 bxa5 23. Qa4 Qb4 24. Qc2 Qb5 25. Rb1 Qd5 26. Ne5 Qe4 27. Qxe4 Nxe4 28. Rb7 Bc5 29. Nxf7 Rd5 30. Bxc5 Nxc5 31. Ra7 Ne4 32. f3 Nc3 33. e4 Rc5 34. Nd8 Re5 35. Nc6 Rc5 36. Nxa5 Nxa2 37. Nb3 Rc3 38. Nd4 Nc1 39. Nxe6 g5 40. Nd4 Nd3 41. Nf5 Nf4 42. Nxh6+ Kf8 43. Ra2 Kg7 44. Ng4 Rc6 45. Ra7+ Kf8 46. Ra2 Rb6 47. Kh2 Kg7 48. Ne3 Kg6 49. Nd5 1-0

[Event "GCT Superbet Blitz Poland 2025"]
[Site "Warsaw"]
[Date "2025.04.30"]
[Round "11"]
[White "Fedoseev, Vladimir"]
[Black "Aravindh, Chithambaram VR."]
[Result "1-0"]
[ECO "D00"]
[WhiteElo "2739"]
[BlackElo "2749"]
[Annotator "ChessBase"]
[PlyCount "74"]
[EventDate "2025.??.??"]
[EventType "blitz"]
[TimeControl "300+2"]

1. d4 Nf6 2. Bg5 d5 3. e3 e6 4. Nd2 b6 ({RR} 4... h6 5. Bh4 c5 6. c3 Be7 7. Bd3 Qb6 8. Rb1 Bd7 9. a4 Bc6 10. dxc5 Qxc5 11. b4 Qxc3 12. Rb3 Qe5 13. b5 Bd7 14. Bg3 Qh5 15. Ngf3 O-O 16. h3 Be8 17. Bh4 d4 18. exd4 Nbd7 19. Be4 {Andreikin,D (2702)-Wang,Y (2690) China 2018 1-0}) 5. Ngf3 $146 ({RR} 5. Bd3 Ba6 6. Qe2 Bxd3 7. Qxd3 Be7 8. f4 Nbd7 9. Ngf3 c5 10. c3 Qc7 11. O-O h6 12. Bh4 O-O 13. Ne5 Rfe8 14. Rf3 Nh5 15. Bxe7 Rxe7 16. g4 Nhf6 17. Rg3 Nf8 18. Rf1 N6d7 19. Ndf3 f6 {Bach,M (1963)-Rajnys,V (2091) Karlovy Vary 2009 ½-½}) ({RR} 5. Bd3 Bb7 6. Ngf3 Bd6 7. Ne5 Nbd7 8. f4 h6 9. Bh4 Be7 10. O-O O-O 11. Qf3 Ne8 12. Bxe7 Qxe7 13. c3 Nxe5 14. fxe5 f5 15. g4 g6 16. gxf5 exf5 17. Rf2 Ng7 18. Rg2 Qf7 19. Kh1 Ne6 {Schulz,M (2175)-Breuil,T (2268) chess.com INT 2024 0-1 (32)}) ({RR} 5. c3 Bb7 6. Ngf3 Be7 7. Ne5 Nfd7 8. Bxe7 Qxe7 9. Ndf3 O-O 10. b4 Nxe5 11. Nxe5 f6 12. Nf3 c5 13. bxc5 bxc5 14. Rb1 Bc6 15. Bb5 c4 16. Bxc6 Nxc6 17. Qa4 Rab8 18. O-O Qc7 19. Nd2 Rfc8 {Brautsch,S-Rendboe,J Aarhus 1988 1-0 (45)}) ({RR} 5. Bd3 Bb7 6. Bxf6 Qxf6 7. f4 g5 8. g3 gxf4 9. gxf4 Qh4+ 10. Kf1 c5 11. c3 Nc6 12. Ndf3 Qh6 13. Qa4 a6 14. Ne5 b5 15. Bxb5 axb5 16. Qxb5 Ba6 {0-1 (16) Tymrakiewicz,R (2139)-Liyanage,R (2358) chess.com INT 2023}) 5... Bb7 6. Bb5+ c6 7. Bd3 Be7 8. c4 Nbd7 9. O-O c5 10. cxd5 exd5 11. dxc5 bxc5 12. Qc2 O-O 13. Rad1 g6 14. Bb5 Rc8 15. Qa4 Nb6 16. Qxa7 Ra8 17. Qxb7 Rb8 18. Qc6 Rc8 19. Ne5 Rxc6 20. Nxc6 Qc7 21. e4 Kg7 22. Rfe1 Ng4 23. Bxe7 Qxh2+ 24. Kf1 Re8 25. Bxc5 Nc4 26. Bd4+ f6 27. Nxc4 dxc4 28. f3 Nh6 29. Bg1 Qf4 30. Nd4 Re5 31. Bxc4 Qh4 32. Ne6+ Rxe6 33. Bxe6 g5 34. Rd7+ Kg6 35. g4 Qh3+ 36. Ke2 Qg2+ 37. Bf2 Qh2 1-0

[Event "GCT Superbet Blitz Poland 2025"]
[Site "Warsaw"]
[Date "2025.04.30"]
[Round "11"]
[White "Vachier-Lagrave, Maxime"]
[Black "Duda, Jan-Krzysztof"]
[Result "1-0"]
[ECO "B29"]
[WhiteElo "2722"]
[BlackElo "2739"]
[Annotator "ChessBase"]
[PlyCount "101"]
[EventDate "2025.??.??"]
[EventType "blitz"]
[TimeControl "300+2"]

1. e4 c5 2. Nf3 Nf6 3. e5 Nd5 4. Nc3 Nxc3 5. dxc3 Nc6 6. Bd3 e6 7. Qe2 Qc7 ({RR} 7... b6 8. Bf4 Bb7 9. O-O-O Qc7 10. h4 h6 11. h5 O-O-O 12. Ba6 d5 13. exd6 Bxd6 14. Bxb7+ Kxb7 15. Bxd6 Rxd6 16. Qe4 Rhd8 17. Rxd6 Qxd6 18. b3 f5 19. Qe2 e5 20. Rd1 Qxd1+ 21. Qxd1 Rxd1+ 22. Kxd1 {Schut,H (2088)-Titarov,V (2159) chess.com INT 2025 0-1 (35)}) 8. Bf4 h6 9. h4 a6 10. a4 $146 ({RR} 10. O-O b5 11. c4 b4 12. Bg3 Bb7 13. Be4 Ne7 14. Nd2 Bxe4 15. Nxe4 Nf5 16. Rfd1 Be7 17. h5 Nxg3 18. Nxg3 O-O 19. Rd3 d6 20. Rad1 Rad8 21. exd6 Bxd6 22. Ne4 Bh2+ 23. Kh1 Rxd3 24. Rxd3 Be5 {Martin Barcelo,C (2179)-Lagarde,M (2651) Sitges 2020 ½-½ (76)}) ({RR} 10. O-O b5 11. c4 b4 12. Bg3 Bb7 13. Be4 Ne7 14. Nd2 Bxe4 15. Nxe4 Nf5 16. Rfd1 Be7 17. h5 Nxg3 18. Nxg3 O-O 19. Rd3 d6 20. Rad1 Rad8 21. exd6 Bxd6 22. Ne4 Bh2+ 23. Kh1 Rxd3 24. Rxd3 Be5 {Martin Barcelo,C (2179)-Lagarde,M (2651) Sitges 2020 ½-½ (76)}) 10... b6 11. Bg3 Bb7 12. Rd1 Na5 13. h5 c4 14. Be4 Bxe4 15. Qxe4 Qc6 16. Rh4 Qxe4+ 17. Rxe4 Rc8 18. Red4 Rc7 19. Nd2 Bc5 20. Rg4 O-O 21. Ne4 Kh7 22. Ke2 Rb8 23. Bf4 Bf8 24. Ra1 Nc6 25. b4 cxb3 26. cxb3 b5 27. b4 a5 28. bxa5 Nxa5 29. Be3 Nc4 30. Bd4 Ra8 31. Nd6 bxa4 32. Nxf7 d5 33. Nd6 Nxd6 34. exd6 Bxd6 35. Rg6 Re7 36. Kd3 a3 37. Ra2 Ra6 38. g3 Ra8 39. f4 Kg8 40. Kc2 Kf8 41. Kd3 Ra6 42. Kc2 Ra8 43. g4 Rd8 44. Kd3 Bxf4 45. Rxa3 Bd6 46. Ra6 Kg8 47. Bf6 Rdd7 48. Rxd6 Rxd6 49. Bxe7 Ra6 50. Bf6 Kf7 51. Bxg7 1-0

[Event "GCT Superbet Blitz Poland 2025"]
[Site "Warsaw"]
[Date "2025.04.30"]
[Round "11"]
[White "Deac, Bogdan-Daniel"]
[Black "Gavrilescu, David"]
[Result "1/2-1/2"]
[ECO "B05"]
[WhiteElo "2668"]
[BlackElo "2554"]
[Annotator "ChessBase"]
[PlyCount "48"]
[EventDate "2025.??.??"]
[EventType "blitz"]
[TimeControl "300+2"]

1. d4 d5 2. Nf3 Nf6 3. e3 c5 4. Be2 Nc6 5. c3 cxd4 6. exd4 Bg4 7. Bf4 ({RR} 7. O-O e6 8. Bf4 Bd6 9. Bg3 O-O {½-½ (10) De Filomeno,S (2338)-Stella,L (2134) Acqui Terme 2012}) 7... e6 8. Nbd2 Bd6 9. Bg3 ({RR} 9. Bxd6 Qxd6 10. O-O O-O 11. Re1 Qc7 12. a4 Rab8 13. h3 Bh5 14. Bd3 a6 15. Qe2 Rfe8 16. Qe3 Bg6 17. Bxg6 hxg6 18. Ne5 Nd7 19. Nd3 Na5 20. Nf3 Nc4 21. Qg5 a5 22. Rac1 Nd6 23. Qf4 Rec8 {Keymer,V (2693)-Praggnanandhaa,R (2676) chess24.com INT 2022 1-0 (43)}) ({RR} 9. Bxd6 Qxd6 10. O-O O-O 11. h3 Bh5 12. Re1 Rab8 13. a4 Qc7 14. Qb3 a5 15. Bb5 Na7 16. Bd3 Nc6 17. Re3 Bg6 18. Bf1 Ne4 19. Nxe4 Bxe4 20. Nd2 Bg6 21. h4 h6 22. g3 e5 23. Nf3 e4 {Madaminov,M (2521)-Kreken,E (2302) chess.com INT 2025 1-0 (60)}) 9... O-O 10. O-O Qc7 $146 11. Re1 Nd7 12. Bd3 h6 13. a4 Rae8 14. Qc2 a6 15. Re3 Bxg3 16. hxg3 e5 17. dxe5 Ndxe5 18. Nxe5 Rxe5 19. Rxe5 Qxe5 20. Nf3 Qf6 21. Nh2 Be6 22. Nf3 Bg4 23. Nh2 Be6 24. Nf3 Bg4 1/2-1/2